 Dungeon Crawl Stone Soup version 0.25.1-8-g42b30a86e7 (webtiles) character file.

Game seed: 8053336277855426850

42 sahdkjhfkaj the Skirmisher (level 3, 0/33 HPs)
             Began as a Draconian Artificer on Dec 3, 2020.
             Succumbed to an adder's poison
             ... on level 2 of the Dungeon.
             The game lasted 00:02:03 (1494 turns).

sahdkjhfkaj the Skirmisher (Draconian Artificer)    Turns: 1494, Time: 00:02:04

Health: 0/33       AC:  5    Str: 15    XL:     3   Next: 35%
Magic:  5/5        EV: 12    Int: 11    God:
Gold:   47         SH:  0    Dex: 11    Spells: 2/2 levels left

rFire    . . .     SeeInvis .   a - +0 dagger
rCold    . . .     Gourm    .   (no shield)
rNeg     . . .     Faith    .   (armour unavailable)
rPois    .         Spirit   .   (helmet restricted)
rElec    .         Reflect  .   (no cloak)
rCorr    .         Harm     .   (no gloves)
MR       .....                  (no boots)
Stlth    +.........             (no amulet)
HPRegen  0.11/turn              (no ring)
MPRegen  0.09/turn              (no ring)

@: lethally poisoned (0 -> -3), flying
A: unfitting armour, cold-blooded, AC +5
a: no special abilities


You were on level 2 of the Dungeon.
You were not hungry.

You visited 1 branch of the dungeon, and saw 2 of its levels.

You collected 47 gold pieces.

Inventory:

Hand Weapons
 a - a +0 dagger (weapon)
Jewellery
 h - a cursed ring of attention {unknown}
Wands
 b - a wand of flame (15)
 c - a wand of enslavement (15)
 d - a wand of random effects (15)
Scrolls
 i - a scroll of fog {!r, unknown}
 j - a scroll of immolation {!r, unknown}
 k - a scroll of noise {!r, unknown}
 l - a scroll of enchant weapon {!r, unknown}
 m - a scroll of teleportation {!r, unknown}
 n - a scroll of identify {!r, unknown}
Comestibles
 f - 3 rations
 g - 2 chunks of flesh


   Skills:
 + Level 3.7 Fighting
 - Level 1.0 Short Blades
 - Level 1.7 Dodging
 - Level 0.8 Stealth
 - Level 3.0 Evocations


You had 2 spell levels left.
You didn't know any spells.
Your spell library was empty.

Dungeon Overview and Level Annotations

Branches:
Dungeon (2/15)

Altars:


Innate Abilities, Weirdness & Mutations

Your plain brown scales are hard. (AC +5)
You cannot fit into any form of body armour.
You are cold-blooded and may be slowed by cold attacks.


Message History

The bat hits you but does no damage.
You hit the adder but do no damage.
The adder is almost dead.
You feel sick. The bat hits you but does no damage. The adder bites you.
* * * LOW HITPOINT WARNING * * *
Some of the chunks of flesh in your inventory have rotted away.
You hit the adder but do no damage.
The adder is almost dead.
The adder barely misses you. The bat hits you but does no damage.
The adder closely misses you.
Unknown command.
You hit the adder but do no damage.
The adder is almost dead.
The bat hits you but does no damage. The adder bites you.
* * * LOW HITPOINT WARNING * * *
Really quaff
e - a bubbling brown potion {!q}?
It was a potion of flight {!q}.
You feel very buoyant.
You fly up into the air.
You die...

##### .#....
#######......
#.........(..
#............
#............
##...b....>..$
#.............
#...@S<.......
#)#...........
###.##.....#....
#...###.#### ##.
#..### ...#
....# #...#
#..## #...# #.
#...# #


You could see an adder and a bat.

Vanquished Creatures
  3 dart slugs (D:1)
  2 leopard geckos (D:1)
  5 bats (D:1)
  A giant cockroach (D:1)
  6 goblins
  4 hobgoblins
  2 kobolds (D:1)
  2 frilled lizards
  7 rats
32 creatures vanquished.

Notes
Turn   | Place    | Note
-------+----------+-------------------------------------------
     0 | D:1      | sahdkjhfkaj the Draconian Artificer began the quest for the
                  | Orb.
     0 | D:1      | Reached XP level 1. HP: 16/16 MP: 3/3
   513 | D:1      | Reached XP level 2. HP: 25/25 MP: 4/4
   946 | D:1      | Reached XP level 3. HP: 31/31 MP: 5/5
  1493 | D:2      | HP: 1/33 [adder (4)]
  1494 | D:2      | Succumbed to an adder's poison

Illustrated notes

Levels and vault maps discovered:
D:1:      grunt_arrival_crossed_arrows, layout_loops_ring, minmay_tall_x
D:2:      layout_rooms, uniq_crazy_yiuf_cottage

Skill      XL: |  1  2 |
---------------+-------+-----
Fighting       | 2 3 |  3.7
Short Blades   | |  1.0
Dodging        | |  1.7
Stealth        | |  0.8
Evocations     | |  3.0

Action                   || total
-------------------------++-------
Melee: Short sword       ||    50
       Tailslap          ||    15
       Dagger            ||   116
  Use: Potion            ||     1
 Stab: Sleeping          ||     1
  Eat: Chunk             ||     2
Armor: Skin              ||    60
Dodge: Dodged            ||   122
